 Dungeon Crawl Stone Soup version 0.30.0-29-ga12c61a403 (webtiles) character file.

Game seed: 7558832503545502058

4913 Elmgren the Fighter (level 10, -5/96 HPs)
             Began as a Minotaur Fighter on June 20, 2023.
             Was an Elder of Okawaru.
             Slain by a death yak (15 damage)
             ... on level 8 of the Dungeon on June 21, 2023.
             The game lasted 00:32:07 (10150 turns).

Elmgren the Fighter (Minotaur Fighter)             Turns: 10150, Time: 00:32:07

Health: -5/96      AC: 19    Str: 25    XL:     10   Next: 27%
Magic:  7/9        EV:  8    Int:  5    God:    Okawaru [****..]
Gold:   440        SH: 11    Dex: 10    Spells: 9/9 levels left

rFire   . . .        r - +5 club
rCold   + . .        x - +1 kite shield
rNeg    . . .        k - +1 plate armour {rC+}
rPois   .            m - +2 hat
rElec   .            u - scarf {+Inv}
rCorr   .            (no gloves)
SInv    .            (no boots)
Will    .....        (no amulet) Stlth
                     (no ring)
HPRegen 0.36/turn    (no ring)
MPRegen 0.11/turn

%: no passive effects
@: heroic
A: horns 2, retaliatory headbutt
a: Renounce Religion, Evoke Invisibility, Heroism, Finesse


You were on level 8 of the Dungeon.
You worshipped Okawaru.
Okawaru was greatly pleased with you.
You visited 3 branches of the dungeon, and saw 11 of its levels.

You collected 440 gold pieces.

Inventory:

Hand Weapons
 r - a +5 club (weapon)
   (You took it off Ijyb on level 3 of the Dungeon)
Armour
 k - a +1 plate armour of cold resistance (worn)
   (You found it on level 5 of the Dungeon)
 m - a +2 hat (worn)
   (You found it on level 2 of the Dungeon)
 u - a scarf of invisibility (worn)
   (You found it on level 4 of the Dungeon)
 x - a +1 kite shield (worn)
   (You took it off an orc on level 5 of the Dungeon)
 A - the +0 leather armour of Recklessness {Int+4}
   (You found it on level 8 of the Dungeon)

   Int:       It affects your intelligence (+4).
Magical Staves
 t - a staff of cold {rC+}
   (You found it on level 4 of the Dungeon)
 v - a staff of fire {rF+}
   (You found it on level 4 of the Dungeon)
Jewellery
 a - an amulet of faith {Faith, !P}
   (You found it on level 3 of the Dungeon)
Wands
 q - a wand of polymorph (14)
   (You took it off Ijyb on level 3 of the Dungeon)
Scrolls
 i - 3 scrolls of noise {!r}
 j - 2 scrolls of teleportation {!r!d, @r3}
 o - a scroll of vulnerability {!r!r}
 y - a scroll of magic mapping {!r}
 B - a scroll of poison {!r}
 D - 3 scrolls of identify {@r1}
 E - a scroll of brand weapon {unknown}
Potions
 b - 3 potions of heal wounds {unknown}
 c - a potion of flight {unknown}
 d - 4 potions of might
 e - 5 potions of curing {@q1, !d}
 f - a potion of magic
 g - a potion of attraction {unknown}
 h - 3 potions of mutation {!q}
 l - a potion of berserk rage {unknown}
 n - a potion of ambrosia {unknown}
 p - 2 potions of degeneration {unknown}
 s - a potion of lignification {unknown}
 w - a potion of resistance
 z - 3 potions of haste
 C - a potion of invisibility {unknown}


   Skills:
 + Level 11.6(16.6) Fighting
 + Level 11.3(16.3) Maces & Flails
 + Level 10.0(15.0) Armour
 - Level 3.6(8.6) Shields


You had 9 spell levels left.
You didn't know any spells.
Your spell library contained the following spells:

 Spells                   Type           Power      Damage    Failure   Level
 Slow                     Hex            0%         N/A       100%        1
 Blink                    Tloc           0%         N/A       100%        2
 Lesser Beckoning         Tloc           0%         N/A       100%        2
 Momentum Strike          Conj/Tloc      0%         3d8       100%        2
 Confusing Touch          Hex            0%         N/A       100%        3
 Vampiric Draining        Necr           0%         2d6       100%        3
 Passage of Golubria      Tloc           0%         N/A       100%        4
 Alistair's Intoxication  Tmut/Pois      0%         N/A       100%        5
 Borgnjor's Vile Clutch   Necr/Erth      0%         N/A       100%        5
 Yara's Violent Unravell  Hex/Tmut       0%         3d3       100%        5
 Eringya's Noxious Bog    Tmut/Pois      0%         N/A       100%        6
 Tukima's Dance           Hex            Unusable   N/A       N/A         3

Dungeon Overview and Level Annotations

Branches:
Dungeon (9/15)             Temple (1/1) D:5            Lair (1/5) D:8
    Orc: D:9-12

Altars:
Cheibriados
Dithmenos
Fedhas
Hepliaklqana
Makhleb
Nemelex Xobeh
Okawaru
Qazlal
Trog
Uskayaw
Vehumet
Wu Jian
Xom
Yredelemnul
Zin
The Shining One

Shops:
D:3 :   D:5 =([[

Annotations:
D:5 3 runed translucent doors, dvd2's ghost, weakling GnDe


Innate Abilities, Weirdness & Mutations

You have a pair of horns on your head.
You reflexively headbutt those who attack you in melee.


Message History

You hit the death yak but do no damage. You sock the death yak!
You kill the death yak!
Okawaru is honoured by your kill.
Your base Maces & Flails skill increases to level 11!
You have reached level 10!
You regained 7 hp, and now have 94/96 hp.
You hit the death yak but do no damage.
The death yak gores you but does no damage.
You barely miss the death yak. You hit the death yak but do no damage.
You headbutt the death yak! The death yak gores you!
You take 11 damage, and have 84/96 hp.
You hit the death yak. You headbutt the death yak!
The death yak barely misses you.
You hit the death yak but do no damage. Your headbutt misses the death yak.
The death yak gores you!
You take 11 damage, and have 73/96 hp.
You hit the death yak but do no damage.
You feel like a meek peon again.
You hit the death yak.
The death yak gores you but does no damage.
You hit the death yak but do no damage. You headbutt the death yak!
The death yak gores you!
You take 12 damage, and have 62/96 hp.
You hit the death yak but do no damage.
The death yak gores you but does no damage.
You hit the death yak but do no damage. You headbutt the death yak.
You block the death yak's attack.
You barely miss the death yak.
The death yak gores you but does no damage.
You sock the death yak! You hit the death yak. The death yak barely misses you.
You hit the death yak but do no damage. The death yak barely misses you.
You gain the combat prowess of a mighty hero.
The death yak gores you but does no damage.
You now have 6/9 mp.
You hit the death yak. You headbutt the death yak. The death yak gores you!!
You take 17 damage, and have 47/96 hp.
You hit the death yak.
You headbutt the death yak, but do no damage.
You hit the death yak.
The death yak gores you but does no damage.
You hit the death yak but do no damage. You headbutt the death yak!
The death yak gores you!!
You take 18 damage, and have 29/96 hp.
You sock the death yak!
You headbutt the death yak, but do no damage.
You sock the death yak!
You kill the death yak!
Okawaru is honoured by your kill.
You can now speed up your combat.
Your base Armour skill increases to level 10!
You feel like a meek peon again. The death yak attacks as you move away!
You block the death yak's attack. You block the death yak's attack.
The death yak attacks as you move away! The death yak barely misses you.
The death yak gores you!
* * * LOW HITPOINT WARNING * * *
You take 10 damage, and have 24/96 hp.
The death yak attacks as you move away! You block the death yak's attack.
The death yak attacks as you move away! The death yak gores you.
* * * LOW HITPOINT WARNING * * *
You take 1 damage, and have 25/96 hp.
The death yak attacks as you move away!
The death yak gores you but does no damage.
The death yak attacks as you move away!
The death yak gores you but does no damage.
The death yak attacks as you move away!
The death yak gores you but does no damage.
The death yak attacks as you move away! You block the death yak's attack.
The death yak attacks as you move away!
The death yak gores you but does no damage.
MP restored: 9 The death yak attacks as you move away!
You block the death yak's attack. The death yak attacks as you move away!
The death yak barely misses you. You furiously retaliate!
You headbutt the death yak! The death yak attacks as you move away!
The death yak barely misses you. The death yak attacks as you move away!
The death yak gores you but does no damage.
The death yak attacks as you move away!
The death yak gores you but does no damage.
The death yak attacks as you move away! The death yak gores you!
* * * LOW HITPOINT WARNING * * *
You take 9 damage, and have 21/96 hp.
The death yak attacks as you move away! You block the death yak's attack.
You gain the combat prowess of a mighty hero.
You block the death yak's attack.
You now have 7/9 mp.
You sock the death yak! You headbutt the death yak. The death yak gores you!
* * * LOW HITPOINT WARNING * * *
You take 11 damage, and have 12/96 hp.
You hit the death yak but do no damage. You hit the death yak.
The death yak gores you.
* * * LOW HITPOINT WARNING * * *
You take 3 damage, and have 10/96 hp.
You sock the death yak!
The death yak gores you but does no damage.
You hit the death yak but do no damage. The death yak gores you!
You die...

.......# # .......# ##
.......# ##. ######.## ##..
#..# ##... ##.## #########
##.... #..###.......##
#.....
##..##........########.#...
#........@Y..........##...
##............######..##...
#..#####.....## #..##...
##.## #...### #..##...
##..# ##### #..##... ##..##
#..##... #..## #.###.##
##.## #.# ### ##..# #.#


You could see a death yak.

Vanquished Creatures
  2 death yaks (D:8)
  Eustachio (D:4)
  A wyvern (D:8)
  6 yaks (D:8)
  A steam dragon (D:7)
  2 orc warriors (D:7 D:8)
  4 ice beasts (D:6 D:7)
  A black bear (D:7)
  4 wolves (D:8)
  A centaur (D:7)
  A phantom (D:6)
  A kobold brigand (D:8)
  A scorpion (D:6)
  3 wights (D:8)
  10 killer bees (D:6 D:7 D:8)
  A howler monkey (D:6)
  4 hounds (D:5)
  4 orc priests (D:6 D:7 D:8)
  2 sleepcaps (D:6 D:7)
  An iguana (D:5)
  Ijyb (D:3)
  4 orc wizards (D:5 D:8)
  8 adders (D:2 D:3 D:4 D:5 D:6)
  A shadow imp (D:5)
  2 white imps (D:7)
  2 ufetubi (D:5)
  3 worms (D:2 D:3)
  A dart slug (D:2)
  21 orcs (D:3 D:4 D:5 D:6 D:7)
  7 ball pythons (D:1 D:2 D:3 D:4)
  7 endoplasms (D:1 D:2 D:3)
  2 giant cockroaches (D:2 D:3)
  8 goblins (D:1 D:3 D:4)
  9 hobgoblins (D:1 D:3 D:4)
  7 kobolds (D:1 D:2 D:4 D:8)
  3 quokkas (D:1 D:2 D:4)
  7 bats (D:1 D:2 D:3)
  4 frilled lizards (D:1 D:3)
  4 rats (D:1 D:3)
152 creatures vanquished.

Notes
Turn   | Place    | Note
-------+----------+-------------------------------------------
     0 | D:1      | Elmgren the Minotaur Fighter began the quest for the Orb.
     0 | D:1      | Reached XP level 1. HP: 19/19 MP: 0/0
    38 | D:1      | Reached skill level 4 in Fighting
    38 | D:1      | Reached XP level 2. HP: 27/27 MP: 1/1
    39 | D:1      | Reached skill level 3 in Maces & Flails
   345 | D:1      | Reached XP level 3. HP: 31/34 MP: 2/2
   362 | D:1      | Found a faded altar of an unknown god.
  1263 | D:3      | Reached skill level 4 in Maces & Flails
  1263 | D:3      | Found a hide-covered altar of Uskayaw.
  1337 | D:3      | Noticed Ijyb
  1348 | D:3      | HP: 13/35 [Ijyb/+5 club (9)]
  1465 | D:3      | Killed Ijyb
  1466 | D:3      | Reached skill level 5 in Fighting
  1466 | D:3      | Reached XP level 4. HP: 42/42 MP: 3/3
  1506 | D:3      | Found Tettet's Book Emporium.
  2049 | D:3      | Found a snail-covered altar of Cheibriados.
  2232 | D:4      | Reached XP level 5. HP: 48/48 MP: 4/4
  2269 | D:4      | Found an ornate altar of the Wu Jian Council.
  2458 | D:4      | Noticed Eustachio
  2474 | D:4      | Killed Eustachio
  2475 | D:4      | Reached skill level 6 in Fighting
  2475 | D:4      | Reached skill level 5 in Maces & Flails
  2475 | D:4      | Reached XP level 6. HP: 55/58 MP: 5/5
  2544 | D:4      | Found a blossoming altar of Fedhas.
  2544 | D:4      | Found a hazy altar of Hepliaklqana.
  2551 | D:4      | Found a faded altar of an unknown god.
  2554 | D:4      | Found a basalt altar of Yredelemnul.
  2556 | D:4      | Found a glowing golden altar of the Shining One.
  3065 | D:5      | Entered Level 5 of the Dungeon
  3153 | D:5      | Reached skill level 6 in Maces & Flails
  3354 | D:5      | Found a burning altar of Makhleb.
  3410 | D:5      | Reached skill level 7 in Fighting
  3545 | D:5      | Found a runed translucent gate.
  3675 | D:5      | Found Ysorghoci's Armour Shop.
  3688 | D:5      | Found Zoer Epn's Hydra Hut.
  3693 | D:5      | Noticed a four-headed hydra
  3710 | D:5      | Found Xips's Jewellery Shop.
  3937 | D:5      | Noticed a steam dragon
  3937 | D:5      | Noticed dvd2's ghost (weakling GnDe)
  3960 | D:5      | Found a runed translucent gate.
  3960 | D:5      | Found a runed translucent gate.
  3984 | D:5      | Reached skill level 4 in Armour
  3984 | D:5      | Reached XP level 7. HP: 47/66 MP: 6/6
  3987 | D:5      | HP: 32/66 [orc/+0 flail (5)]
  4260 | D:5      | Found Xijesen's Armour Shop.
  4362 | D:5      | Found a staircase to the Ecumenical Temple.
  4369 | Temple   | Entered the Ecumenical Temple
  4388 | Temple   | Became a worshipper of Warmaster Okawaru
  4892 | D:6      | Reached skill level 7 in Maces & Flails
  4893 | D:6      | HP: 32/66 [killer bee (6)]
  4899 | D:6      | HP: 24/66 [killer bee (2)]
  4904 | D:6      | HP: 15/67 [killer bee (7)]
  4909 | D:6      | HP: 11/67 [poisoned by a killer bee]
  4910 | D:6      | Reached * piety under Okawaru
  4911 | D:6      | Reached skill level 5 in Armour
  5201 | D:6      | Reached skill level 8 in Fighting
  5335 | D:6      | Found a shadowy altar of Dithmenos.
  5344 | D:6      | Reached XP level 8. HP: 71/74 MP: 7/7
  6021 | D:7      | Reached ** piety under Okawaru
  6022 | D:7      | Reached skill level 8 in Maces & Flails
  6022 | D:7      | Reached skill level 6 in Armour
  6160 | D:7      | HP: 38/77 [steam dragon (1)]
  6163 | D:7      | HP: 17/77 [steam dragon/ball of steam (16)]
  6166 | D:7      | Reached skill level 9 in Fighting
  6454 | D:7      | HP: 39/78 [orc warrior/+0 war axe (2)]
  6459 | D:7      | Reached skill level 7 in Armour
  6726 | D:7      | Reached skill level 9 in Maces & Flails
  7508 | D:8      | Identified the +0 leather armour of Recklessness {Int+4}
  7529 | D:8      | Reached *** piety under Okawaru
  7530 | D:8      | Reached XP level 9. HP: 85/85 MP: 8/8
  7551 | D:8      | HP: 42/85 [orc warrior/+0 halberd (3)]
  7556 | D:8      | HP: 25/85 [orc warrior/+0 halberd (3)]
  7567 | D:8      | HP: 16/85 [orc warrior/+0 halberd (8)]
  7742 | D:8      | Reached skill level 8 in Armour
  7839 | D:8      | Found a flagged portal.
  7962 | D:8      | Reached skill level 10 in Fighting
  7964 | D:8      | HP: 37/85 [killer bee (7)]
  7969 | D:8      | HP: 30/85 [poisoned by a killer bee]
  8288 | D:8      | Reached skill level 10 in Maces & Flails
  8290 | D:8      | HP: 41/86 [yak (4)]
  8292 | D:8      | HP: 19/86 [yak (6)]
  8617 | D:8      | Found a sparkling altar of Nemelex Xobeh.
  8650 | D:8      | Found a staircase to the Lair.
  9064 | D:8      | HP: 33/86 [yak (12)]
  9069 | D:8      | Reached skill level 9 in Armour
  9070 | D:8      | HP: 11/86 [yak (12)]
  9367 | Lair:1   | Entered Level 1 of the Lair of Beasts
  9367 | Lair:1   | Noticed a death yak
  9367 | Lair:1   | Noticed a death yak
  9369 | Lair:1   | Noticed a death yak
  9438 | Lair:1   | HP: 43/86 [death yak (21)]
  9441 | D:8      | HP: 16/86 [death yak (8)]
  9442 | D:8      | HP: 1/86 [death yak (11)]
  9822 | D:8      | Reached skill level 11 in Fighting
 10087 | D:8      | Killed a death yak
 10088 | D:8      | Reached skill level 11 in Maces & Flails
 10088 | D:8      | Reached XP level 10. HP: 94/96 MP: 6/9
 10103 | D:8      | HP: 47/96 [death yak (18)]
 10108 | D:8      | Killed a death yak
 10108 | D:8      | Reached **** piety under Okawaru
 10109 | D:8      | Reached skill level 10 in Armour
 10120 | D:8      | HP: 24/96 [death yak (10)]
 10125 | D:8      | HP: 25/96 [death yak (1)]
 10139 | D:8      | HP: 21/96 [death yak (9)]
 10146 | D:8      | HP: 12/96 [death yak (11)]
 10150 | D:8      | Slain by a death yak

Illustrated notes

Levels and vault maps discovered:
D:1:      minmay_arrival_up_and_down, layout_rooms, shapermc_ecumenical_altar_gd
D:2:      layout_basic, serial_curves, eino_curves_02, eino_curves_04,
          minmay_hexomino_u4
D:3:      layout_basic, cheibrodos_worm_habitat, lemuel_round_altar,
          serial_shops, nicolae_shop_crystal, minmay_statues_item,
          supply_closet_lemuel, minmay_fractal_squares_diagonal_5,
          uniq_crazy_yiuf_cottage, uniq_ijyb
D:4:      layout_basic, nicolae_wu_jian_wuxing_cycle,
          chequers_temple_overflow_minitemple, uniq_eustachio
D:5:      layout_basic, makhleb_heckhound_becter, minmay_temple_entry_overgrown,
          gammafunk_ghost_split, serial_shops, nicolae_shop_trees,
          nicolae_inconvenience_store, nicolae_shop_pleasant_corner_grove,
          doesnt_shop_hydraphobe
D:6:      layout_basic, grunt_dithmenos_shadows, ebering_dispersal_statue_hall
D:7:      layout_rooms, kennysheep_nub, minmay_chambers_of_fives
D:8:      layout_cave_pods, nemelex_spade_bored_becter, lair_entry_dummy,
          enter_bailey_2
D:9:      layout_basic, nicolae_ru_great_annihilating_truth,
          kennysheep_little_box, erik_orc_4, minmay_misc_feat_square,
          nicolae_titane
Temple:   hellmonk_temple_two_chambers
Lair:1:   layout_small_grid, portal_ice_cave_entry_imps,
          nicolae_quartered_pool_impasse, chequers_serial_rivers_micro_b,
          beast_lair_carwin_5, uniq_grum

Skill      XL: |  1  2  3  4  5  6  7  8  9 10 |
---------------+-------------------------------+-----
Fighting       | 4 5 6 7 8 9 11 | 11.6
Maces & Flails | 3 4 5 6 7 9 11 | 11.3
Armour         | 4 5 7 9 10 | 10.0
Shields        | |  3.6

Action                     |  1- 3 |  4- 6 |  7- 9 | 10-12 || total
---------------------------+-------+-------+-------+-------++-------
  Melee: Flail             |    79 |       |       |       ||    79
         Headbutt          |     7 |    20 |    72 |     9 ||   108
         Unarmed           |     3 |       |       |       ||     3
         Club              |       |   127 |   331 |    25 ||   483
 Invoke: Heroism           |       |       |     7 |     2 ||     9
    Use: Scroll            |       |    11 |     8 |       ||    19
 Armour: Scale mail        |    27 |    35 |       |       ||    62
         Skin              |     3 |       |       |       ||     3
         Plate armour      |       |    49 |   216 |    13 ||   278
  Dodge: Dodged            |    36 |    42 |    96 |     6 ||   180
  Block: Buckler           |    18 |    33 |     3 |       ||    54
         Kite shield       |       |       |   186 |     8 ||   194

Levels and vault maps discovered:
D:1:      minmay_arrival_up_and_down, layout_rooms, shapermc_ecumenical_altar_gd
D:2:      layout_basic, serial_curves, eino_curves_02, eino_curves_04,
          minmay_hexomino_u4
D:3:      layout_basic, cheibrodos_worm_habitat, lemuel_round_altar,
          serial_shops, nicolae_shop_crystal, minmay_statues_item,
          supply_closet_lemuel, minmay_fractal_squares_diagonal_5,
          uniq_crazy_yiuf_cottage, uniq_ijyb
D:4:      layout_basic, nicolae_wu_jian_wuxing_cycle,
          chequers_temple_overflow_minitemple, uniq_eustachio
D:5:      layout_basic, makhleb_heckhound_becter, minmay_temple_entry_overgrown,
          gammafunk_ghost_split, serial_shops, nicolae_shop_trees,
          nicolae_inconvenience_store, nicolae_shop_pleasant_corner_grove,
          doesnt_shop_hydraphobe
D:6:      layout_basic, grunt_dithmenos_shadows, ebering_dispersal_statue_hall
D:7:      layout_rooms, kennysheep_nub, minmay_chambers_of_fives
D:8:      layout_cave_pods, nemelex_spade_bored_becter, lair_entry_dummy,
          enter_bailey_2
D:9:      layout_basic, nicolae_ru_great_annihilating_truth,
          kennysheep_little_box, erik_orc_4, minmay_misc_feat_square,
          nicolae_titane
Temple:   hellmonk_temple_two_chambers
Lair:1:   layout_small_grid, portal_ice_cave_entry_imps,
          nicolae_quartered_pool_impasse, chequers_serial_rivers_micro_b,
          beast_lair_carwin_5, uniq_grum

Table legend: (Time is in decaauts)
 A = Elapsed time spent in this place.
 B = Non-inter-level travel time spent in this place.
 C = Inter-level travel time spent in this place.
 D = Time resting spent in this place.
 E = Time spent auto-exploring this place.
 F = Levels seen in this place.
 G = Mean time per level.
                   A        B        C        D        E       F      G
               +--------+--------+--------+--------+--------+-----+--------+
         Total |  10140 |   9968 |    172 |   2789 |   5497 |  11 |  921.8 |
       Dungeon |  10102 |   9934 |    168 |   2789 |   5484 |   9 | 1122.4 |
        Temple |     30 |     26 |      4 |      0 |     13 |   1 |   30.0 |
          Lair |      7 |      7 |      0 |      0 |      0 |   1 |    7.0 |
               +--------+--------+--------+--------+--------+-----+--------+

Top non-repeatable levels by time:
     D:8: 2477 daAuts
     D:5: 1549 daAuts
     D:7: 1484 daAuts
     D:6: 1349 daAuts
     D:4: 997 daAuts
     D:2: 815 daAuts
     D:3: 815 daAuts
     D:1: 451 daAuts
     D:9: 161 daAuts
  Temple: 30 daAuts
  Lair:1: 7 daAuts

Table legend:
 A = Kills in this place as a percentage of kills in the entire game.
 B = Kills by you in this place as a percentage of kills by you in the entire game.
 C = Kills by friends in this place as a percentage of kills by friends in the entire game.
 D = Other kills in this place as a percentage of other kills in the entire game.
 E = Experience gained in this place as a percentage of experience gained in the entire game.
 F = Experience gained in this place divided by the number of levels of this place that you have seen.
                   A       B       C       D       E      F
               +-------+-------+-------+-------+-------+----------------------
         Total | 100.0 | 100.0 |   N/A |   N/A | 100.0 | 638.1
       Dungeon | 100.0 | 100.0 |   N/A |   N/A | 100.0 | 779.9
               +-------+-------+-------+-------+-------+----------------------
